 Dungeon Crawl Stone Soup version 0.29.1-2-gbd0b4ee654 (webtiles) character file.

Game seed: 11691023163162309892

431 styxcanada the Covert (level 6, 0/32 HPs)
             Began as a Spriggan Brigand on Nov 7, 2022.
             Slain by a river rat (6 damage)
             ... in a sewer.
             The game lasted 00:15:29 (4776 turns).

styxcanada the Covert (Spriggan Brigand)            Turns: 4776, Time: 00:15:29

Health: 0/32       AC:  3    Str:  7    XL:     6   Next: 67%
Magic:  11/11      EV: 15    Int: 12    God:
Gold:   145        SH:  0    Dex: 19    Spells: 8/10 levels left

rFire   . . .      SeeInvis +   a - +2 dagger
rCold   . . .      Faith    .   (no shield)
rNeg    . . .      Spirit   .   b - +0 robe
rPois   .          Reflect  .   (helmet restricted)
rElec   .          Harm     .   c - +0 cloak
rCorr   .          Rampage  .   (gloves unavailable)
Will    +....                   (boots unavailable)
Stlth   ++++......              (no amulet)
HPRegen 0.10/turn               (no ring)
MPRegen 0.12/turn               (no ring)

@: constricted, very quick
A: very small, no large weapons, unfitting armour, see invisible, speed 3
a: no special abilities


You were in a sewer.
You visited 1 branch of the dungeon, and saw 4 of its levels.
You also visited: Sewer.

You collected 145 gold pieces.

Inventory:

Hand Weapons
 a - a +2 dagger (weapon)
 r - the +8 war axe "Ultimatum" {venom, rElec Str+4}
   (You found it on level 2 of the Dungeon)

   It poisons the flesh of those it strikes.
   Str:       It affects your strength (+4).
   rElec:     It insulates you from electricity.
 t - a +2 quarterstaff of chaos
Missiles
 d - 9 poisoned darts (quivered)
 e - 3 curare-tipped darts
 l - 5 atropa-tipped darts
 q - 16 stones
 x - 6 boomerangs of dispersal
Armour
 b - a +0 robe (worn)
 c - a +0 cloak (worn)
Jewellery
 k - a ring of ice
 y - a +4 ring of evasion
Scrolls
 v - 2 scrolls of teleportation
 z - 2 scrolls of fog
 A - a scroll of fear
 B - a scroll of enchant weapon {unknown}
Potions
 g - a potion of magic
 i - 2 potions of brilliance {unknown}
 j - 2 potions of might {unknown}
 m - a potion of attraction {unknown}
 n - a potion of invisibility {unknown}
 o - a potion of heal wounds {unknown}
 p - a potion of haste {unknown}
 s - a potion of ambrosia {unknown}
 u - a potion of berserk rage {unknown}


   Skills:
 * Level 2.4 Fighting
 + Level 3.1 Short Blades
 + Level 2.5 Throwing
 * Level 3.2 Dodging
 * Level 9.2 Stealth
 * Level 2.8 Spellcasting
 * Level 1.0 Hexes
 * Level 0.4 Ice Magic


You had 8 spell levels left.
You knew the following spells:

 Your Spells              Type           Power      Damage    Failure   Level
a - Ensorcelled Hibernat  Hex/Ice        6%         N/A       28%         2

Your spell library contained the following spells:

 Spells                   Type           Power      Damage    Failure   Level
 Portal Projectile        Hex/Tloc       4%         N/A       52%         3
 Call Canine Familiar     Summ           1%         N/A       58%         3
 Spider Form              Tmut/Pois      1%         N/A       58%         3
 Anguish                  Hex/Necr       1%         N/A       90%         4
 Leda's Liquefaction      Hex/Erth       1%         N/A       90%         4


Dungeon Overview and Level Annotations

Branches:
Dungeon (4/15)              Sewer (1/1)
 Temple: D:4-7

Altars:

Annotations:
D:3 Grinder


Innate Abilities, Weirdness & Mutations

You are very small and have problems with some larger weapons.
You are too small for most types of armour.
You have supernaturally acute eyesight. (SInv)
You cover ground extremely quickly. (Speed+++)


Message History

The adder poisons you! The adder attacks as you move away!
The adder completely misses you.
You feel sick. The adder bites you but does no damage.
The ball python closely misses you. The ball python completely misses you.
You enter the shallow water.
Moving in this stuff is going to be slow.
You feel sick. The adder bites you.
The ball python attacks as you move away!
The ball python closely misses you. The ball python barely misses you.
You feel sick.
You are no longer poisoned.
You closely miss the adder. The adder completely misses you.
The ball python bites you but does no damage.
The ball python completely misses you. The adder bites you but does no damage.
You barely miss the adder. The ball python closely misses you.
The ball python grabs you. The ball python constricts you.
The adder barely misses you.
You hit the adder.
The adder is lightly wounded.
The ball python barely misses you. The ball python constricts you.
The adder barely misses you.
You hit the adder.
The adder is heavily wounded.
The ball python misses you. The ball python constricts you.
The adder bites you.
You barely miss the adder.
The adder is heavily wounded.
The ball python bites you. The ball python constricts you.
The adder misses you.
You hit the adder.
You kill the adder!
The ball python bites you but does no damage.
The ball python constricts you.
You hit the river rat but do no damage. The ball python barely misses you.
The ball python constricts you. The river rat bites you!
* * * LOW HITPOINT WARNING * * *
The ball python's grasp on you weakens, but your attempt to escape fails.
The ball python barely misses you. The ball python constricts you.
The river rat bites you.
You die...

~.~~~~~..~.~~.~~~≈≈≈≈≈≈≈
≈≈≈≈≈≈≈≈≈≈≈≈≈≈≈≈.≈≈≈≈≈≈≈
.~~~~~~~~~..~~~≈~≈≈≈≈≈≈≈
##############~≈~####### ####
###### #~≈~# ...# #....#
#~≈.# ''#####''#####~≈~#
...........~~~~~~#
...........~~~~~@#
''#####''#####~Sr# ...#
#...!# #~≈h# #### ######
#~≈.# #######
##############~≈~###?.S?.###
~.~~~~...~~~÷~~≈~##?.?.....##
≈≈≈≈≈≈≈≈≈≈≈≈≈≈.≈~# #?......#
~~.~.~.~~~~~~~~≈~# ###(...#
##############~≈~####......#


You could see a river rat, a jackal and a ball python.

Vanquished Creatures
  Sigmund (D:2)
  Crazy Yiuf (D:2)
  An iguana (D:4)
  11 adders
  3 river rats (Sewer)
  A shadow imp (D:4)
  2 worms (Sewer)
  3 dart slugs
  9 ball pythons
  8 bats
  4 endoplasms
  7 giant cockroaches
  6 goblins
  5 hobgoblins
  6 quokkas
  4 frilled lizards
  5 kobolds
  2 rats
79 creatures vanquished.

Vanquished Creatures (others)
  2 plants (D:3)
2 creatures vanquished.

Grand Total: 81 creatures vanquished

Notes
Turn   | Place    | Note
-------+----------+-------------------------------------------
     0 | D:1      | styxcanada the Spriggan Brigand began the quest for the
                  | Orb.
     0 | D:1      | Reached XP level 1. HP: 10/10 MP: 2/2
    51 | D:1      | Reached skill level 6 in Stealth
   399 | D:1      | Reached XP level 2. HP: 15/15 MP: 3/3
   560 | D:1      | Reached skill level 1 in Spellcasting
   573 | D:1      | Found a faded altar of an unknown god.
  1202 | D:2      | Reached XP level 3. HP: 13/18 MP: 5/5
  1208 | D:2      | Learned a level 2 spell: Ensorcelled Hibernation
  1331 | D:2      | Noticed Sigmund
  1358 | D:2      | Killed Sigmund
  1359 | D:2      | Reached skill level 8 in Stealth
  1359 | D:2      | Reached XP level 4. HP: 20/23 MP: 5/8
  1359 | D:2      | Reached XP level 5. HP: 23/26 MP: 5/9
  1434 | D:2      | Identified the +8 war axe "Ultimatum" {venom, rElec Str+4}
  1480 | D:2      | Found a runed translucent door.
  1481 | D:2      | Noticed Crazy Yiuf
  1488 | D:2      | Killed Crazy Yiuf
  2356 | D:3      | Noticed Grinder
  2364 | D:3      | Paralysed by Grinder for 4 turns
  2375 | D:3      | Paralysed by Grinder for 4 turns
  2645 | D:3      | Reached XP level 6. HP: 29/30 MP: 10/10
  3482 | D:4      | Found a glowing drain.
  3506 | Sewer    | Entered a sewer
  3514 | Sewer    | Reached skill level 9 in Stealth
  4016 | Sewer    | HP: 1/31 [river rat (6)]
  4024 | Sewer    | HP: 1/46 [river rat (1)]
  4757 | Sewer    | Reached skill level 1 in Hexes
  4776 | Sewer    | Slain by a river rat

Illustrated notes

Levels and vault maps discovered:
D:1:      roderic_octagonal_star, layout_basic, shapermc_ecumenical_altar_venn
D:2:      layout_basic, uniq_sigmund, uniq_crazy_yiuf_cottage
D:3:      layout_basic, minmay_shallow_snake_nest, uniq_grinder
D:4:      layout_loops_ring, gup_sewer_entry_glass, lightli_minifort
Sewer:    sewer_fruit_machine

Skill      XL: |  1  2  3  4  5  6 |
---------------+-------------------+-----
Stealth        | 6 8 9 |  9.2
Spellcasting   | 1 2 |  2.8
Fighting       | 2 |  2.4
Dodging        | 2 3 |  3.2
Short Blades   | 3 |  3.1
Hexes          | 1 |  1.0
Throwing       | |  2.5
Ice Magic      | |  0.4

Action                   |  1- 3 |  4- 6 || total
-------------------------+-------+-------++-------
Melee: Dagger            |    55 |   209 ||   264
       Punch             |       |     7 ||     7
Throw: Dart              |    11 |    38 ||    49
  Use: Scroll            |       |     9 ||     9
       Potion            |       |     4 ||     4
 Stab: Sleeping          |     9 |    20 ||    29
Armor: Robe              |    11 |    31 ||    42
       Skin              |       |     6 ||     6
Dodge: Dodged            |    35 |   184 ||   219
